 Dungeon Crawl Stone Soup version 0.26-a0-854-gdc81c2f471 (webtiles) character file.

Game seed: 6438519791018049119

112 iamoutofideas the Firebug (level 4, 0/27 HPs)
             Began as an Octopode Fire Elementalist on Nov 23, 2020.
             Killed from afar by Sigmund (7 damage)
             ... with a magic dart
             ... on level 3 of the Dungeon.
             The game lasted 00:04:25 (3396 turns).

iamoutofideas the Firebug (OpFE)                    Turns: 3396, Time: 00:04:25

Health: 0/27       AC:  1    Str:  7    XL:     4   Next: 93%
Magic:  6/8        EV: 13    Int: 18    God:
Gold:   127        SH:  4    Dex: 12    Spells: 5/9 levels left

rFire    . . .     SeeInvis .   (no weapon)
rCold    . . .     Faith    .   (no shield)
rNeg     . . .     Spirit   .   (helmet restricted)
rPois    .         Reflect  .   (no amulet)
rElec    .         Harm     .   a - ring of stealth
rCorr    .         Rampage  .   h - ring of wizardry
MR       .....                  (no ring)
Stlth    ++++......             (no ring)
HPRegen  0.09/turn              (no ring)
MPRegen  0.11/turn              (no ring)
                                (no ring)
                                (no ring)

@: hasted, very quick
A: almost no armour, stealthy swim, amphibious, 8 rings, constrict 8, large bone
plates 1, camouflage 1, gelatinous body 1, MP-powered wands
a: no special abilities


You were on level 3 of the Dungeon.
You visited 1 branch of the dungeon, and saw 3 of its levels.

You collected 127 gold pieces.

Inventory:

Jewellery
 a - a ring of stealth (left tentacle)
 h - a ring of wizardry (right tentacle)
Scrolls
 b - a scroll of immolation
 e - a scroll of teleportation {unknown}
 g - a scroll of identify
 m - a scroll of remove curse
Potions
 c - a potion of ambrosia {unknown}
 d - a potion of haste
 j - a potion of cancellation {unknown}
 k - a potion of flight {unknown}
 l - a potion of mutation


   Skills:
 - Level 2.0 Dodging
 - Level 3.0 Stealth
 + Level 3.0 Spellcasting
 + Level 2.0 Conjurations
 + Level 4.2 Fire Magic


You had 5 spell levels left.
You knew the following spells:

 Your Spells              Type           Power        Failure   Level
a - Foxfire               Conj/Fire      ##..         1%          1
b - Conjure Flame         Conj/Fire      ##......     5%          3

Your spell library contained the following spells:

 Spells                   Type           Power        Failure   Level
 Inner Flame              Hex/Fire       ##......     9%          3
 Sticky Flame             Conj/Fire      ##......     17%         4
 Confusing Touch          Hex            #.......     19%         3
 Gell's Gravitas          Tloc           #.........   19%         3
 Fireball                 Conj/Fire      ##........   43%         5
 Petrify                  Tmut/Erth      #.......     52%         4
 Metabolic Englaciation   Hex/Ice        #.........   85%         5
 Yara's Violent Unravell  Hex/Tmut       #.........   85%         5


Dungeon Overview and Level Annotations

Branches:
Dungeon (3/15)

Altars:
The Shining One

Annotations:
D:3 Sigmund, Terence


Innate Abilities, Weirdness & Mutations

You cannot wear most types of armour.
You are very stealthy in the water. (Stealth+)
You are amphibious.
You can wear up to eight rings at the same time.
You can use your tentacles to constrict eight enemies at once.
Your skin changes colour to match your surroundings (Stealth+).
Your rubbery body absorbs attacks. (AC +1, EV +1)
You are partially covered in large bone plates. (SH +4)
You expend magic power (3 MP) to strengthen your wands.


Message History

Unknown command.
Your foxfire dissipates!
The foxfire hits something.
You hear some strange, mumbled words.
You are confused.
You're too confused to cast spells.
Sorry, you're not good enough to have a special ability.
It was a potion of heal wounds.
You feel much better. Something hits you!
You bump into the rock wall.
You bump into the rock wall.
You feel less confused. Something hits you.
You hear the brisk rusting of a distant drain.
A puff of flame appears from out of thin air!
The puff of flame hits you.
* * * LOW HITPOINT WARNING * * *
You feel yourself speed up.
A magic dart appears from out of thin air!
The magic dart hits you!
You die...

#.#.# #.... ####
#.#.# #.### ...#
#.#.# #.#
##.##############.#.#
#.#
#†............<..#.#
#.#
#..#........######.#
#.# #..#.######.#
##.#########.#
##..#.#
#.#####...{........#
....#.#
#....@...###########
.#.##.# ########.#
....#.## #.# )#.#...#
#.# .......# #.#
.###...############.#
#.........†......†..#
.####################


There were no monsters in sight!

Vanquished Creatures
  Jessica (D:2)
  An adder (D:3)
  An ooze (D:2)
  A worm (D:2)
  A leopard gecko (D:1)
  2 orcs (D:3)
  5 bats
  6 giant cockroaches
  5 goblins
  13 hobgoblins
  3 jackals (D:3)
  3 ball pythons
  A frilled lizard (D:1)
  6 kobolds
  14 rats
63 creatures vanquished.

Vanquished Creatures (others)
  215 foxfires
215 creatures vanquished.

Grand Total: 278 creatures vanquished

Notes
Turn   | Place    | Note
-------+----------+-------------------------------------------
     0 | D:1      | iamoutofideas the Octopode Fire Elementalist began the
                  | quest for the Orb.
     0 | D:1      | Reached XP level 1. HP: 11/11 MP: 3/3
   441 | D:1      | Reached XP level 2. HP: 15/17 MP: 1/5
  1414 | D:1      | Reached XP level 3. HP: 21/21 MP: 1/6
  1663 | D:2      | Noticed Jessica
  1671 | D:2      | Killed Jessica
  1766 | D:2      | Reached XP level 4. HP: 20/27 MP: 0/8
  1862 | D:2      | Reached skill level 4 in Fire Magic
  2954 | D:2      | Learned a level 3 spell: Conjure Flame
  2988 | D:3      | Gained mutation: You expend magic power (3 MP) to
                  | strengthen your wands. [potion of mutation]
  2988 | D:3      | Gained mutation: You are partially covered in large bone
                  | plates. (SH +4) [potion of mutation]
  3191 | D:3      | Found a glowing golden altar of the Shining One.
  3193 | D:3      | Noticed Terence
  3366 | D:3      | Noticed Sigmund
  3396 | D:3      | Killed from afar by Sigmund

Illustrated notes

Levels and vault maps discovered:
D:1:      sevenhm_arrival_forest_fort_small_3, layout_basic
D:2:      layout_basic, hangedman_decor_peaks_small, uniq_jessica
D:3:      layout_loops_ring, lemuel_crystal_altar, gup_sewer_entry_spiral,
          uniq_terence, uniq_sigmund

Skill      XL: |  1  2  3  4 |
---------------+-------------+-----
Stealth        | 3 |  3.0
Fire Magic     | 4 |  4.2
Conjurations   | 2 |  2.0
Spellcasting   | 3 |  3.0
Dodging        | |  2.0

Action                   |  1- 3 |  4- 6 || total
-------------------------+-------+-------++-------
Melee: Unarmed           |    11 |    17 ||    28
       Constrict         |     5 |     6 ||    11
       Tentacles         |     3 |     4 ||     7
 Cast: Foxfire           |    55 |    89 ||   144
       Conjure Flame     |       |     1 ||     1
  Use: Scroll            |       |     9 ||     9
       Potion            |       |     4 ||     4
 Stab: Sleeping          |       |     1 ||     1
Armor: Skin              |     3 |     4 ||     7
Dodge: Dodged            |    23 |    34 ||    57
Block: Other             |       |     7 ||     7

Table legend: (Time is in decaauts)
 A = Elapsed time spent in this place.
 B = Non-inter-level travel time spent in this place.
 C = Inter-level travel time spent in this place.
 D = Time resting spent in this place.
 E = Time spent auto-exploring this place.
 F = Levels seen in this place.
 G = Mean time per level.
                   A        B        C        D        E       F      G
               +--------+--------+--------+--------+--------+-----+--------+
         Total |   3393 |   3283 |    110 |    543 |   2066 |   3 | 1131.0 |
       Dungeon |   3393 |   3283 |    110 |    543 |   2066 |   3 | 1131.0 |
               +--------+--------+--------+--------+--------+-----+--------+

Top non-repeatable levels by time:
     D:1: 1652 daAuts
     D:2: 1326 daAuts
     D:3: 414 daAuts
